 Dungeon Sprint DCSS version 0.19-a0-1714-gcab94ab (webtiles) character file.

198 Theye the Carver (level 5, -7/51 HPs)
             Began as a Naga Gladiator on Sept 28, 2016.
             Was a Priest of Cheibriados.
             Killed by divine providence
             ... invoked by a meliai
              (15 damage)
             ... in the Dungeon (Sprint IX: "|||||||||||||||||||||||||||||").
             The game lasted 00:01:25 (578 turns).

Theye the Carver (Naga Gladiator)                    Turns: 578, Time: 00:01:26

Health: -7/51      AC:  8    Str: 30    XL:     5   Next: 77%
Magic:  7/7        EV: 12    Int: 15    God:    Cheibriados [***...]
Gold:   0          SH:  0    Dex: 17    Spells: 0 memorised, 4 levels left

rFire  . . .     SeeInvis +     o - +2 scimitar "Udada" {slice, Str+3}
rCold  . . .     Gourm    .     b - +0 leather armour
rNeg   . . .     Faith    .     (no shield)
rPois  +         Spirit   .     q - +0 helmet
rElec  .         Dismiss  .     p - +0 cloak
rCorr  .         Reflect  .     (no gloves)
MR     .....     Harm     .     (no barding)
Stlth  +......... NoTele   +    (no amulet)
                                s - +3 ring of strength
                                t - +2 ring of protection

@: lethally poisoned (-7 -> -20), very slow
A: see invisible, deformed body, poison resistance, slowness 2, slow metabolism
1, spit poison 1, AC +1
a: Spit Poison, Bend Time, Temporal Distortion, Renounce Religion


You were in the Dungeon.
You worshipped Cheibriados.
Cheibriados was most pleased with you.
You were not hungry.

You visited 1 branch

Inventory:

Hand Weapons
 a - a +0 long sword
 o - the +2 scimitar "Udada" (weapon) {slice, Str+3}
   (You found it in the Dungeon)

   It inflicts extra damage upon your enemies.
   It affects your strength (+3).
Missiles
 d - 3 throwing nets (quivered)
Armour
 b - a +0 leather armour (worn)
 p - a +0 cloak (worn)
 q - a +0 helmet (worn)
 r - a +0 plate armour
Jewellery
 s - a +3 ring of strength (right hand)
 t - a +2 ring of protection (left hand)
Wands
 n - a wand of iceblast (7/15)
Scrolls
 k - 2 scrolls of blinking
 l - 3 scrolls of remove curse
 m - 2 scrolls of amnesia
Potions
 g - 2 potions of heal wounds
 h - 4 potions of curing
 i - 4 potions of magic
Comestibles
 f - a bread ration


   Skills:
 + Level 4.4 Fighting
 * Level 8.9 Long Blades
 - Level 1.7 Throwing
 + Level 2.2 Armour
 + Level 4.6 Dodging
 * Level 3.5 Invocations


You had 4 spell levels left.
You didn't know any spells.

Dungeon Overview and Level Annotations

Branches:
Dungeon (1/1)

Altars:
Cheibriados
Dithmenos
Elyvilon
Fedhas
Gozag
Hepliaklqana
Kikubaaqudgha
Makhleb
Nemelex Xobeh
Okawaru
Qazlal
Ru
Sif Muna
Trog
Uskayaw
Vehumet
Xom
Yredelemnul
Zin
The Shining One
Beogh
Jiyva
Lugonu


Innate Abilities, Weirdness & Mutations

You cannot wear boots.
Your serpentine skin is tough. (AC +1)
You have supernaturally acute eyesight. (SInv)
Armour fits poorly on your strangely shaped body.
Your system is resistant to poisons. (rPois)
You cover ground very slowly.
You have a slow metabolism.
You can spit poison.


Message History

Unknown command.
You hit the worker ant.
You kill the worker ant!
Cheibriados thoroughly appreciates the change of pace.
Cheibriados raises the support of your attributes as your movement slows.
You can now warp the flow of time around you.
The meliai invokes the aid of its god against you.
Something smites you!
The blink frog hits you but does no damage.
Unknown command.
You barely miss the blink frog.
The blink frog is severely wounded.
The meliai hits you but does no damage. The meliai stings you!
You are poisoned.
The meliai poisons you! The blink frog hits you!
* * * LOW HITPOINT WARNING * * *
The blink frog blinks!
The meliai invokes the aid of its god against you.
Something smites you!
You die... ▓▓▓▓▓▓▓▓▓▓▓▓▓▓▓▓▓▓▓▓▓▓▓▓ '..|)....['[...F@ycK.a.. ▓▓▓▓▓▓▓▓▓▓▓▓▓▓▓▓▓▓▓▓▓▓▓▓

You could see a centaur warrior, a blink frog, a big kobold, a meliai and a worker ant.

Vanquished Creatures
  A hound (D)
  A quasit (D)
  An orc priest (D)
  An iguana (D)
  2 worker ants (D)
  2 adders (D)
  A dart slug (D)
  An orc (D)
  A ball python (D)
  2 bat zombies (D)
  A goblin (D)
  A kobold (D)
  A ball python skeleton (D)
  A frilled lizard (D)
17 creatures vanquished.

Notes
Turn   | Place    | Note
-------+----------+-------------------------------------------
     0 | D        | Theye the Naga Gladiator began the quest for the Orb.
     0 | D        | Reached XP level 1. HP: 19/19 MP: 1/1
    19 | D        | Reached skill level 4 in Long Blades
    19 | D        | Reached XP level 2. HP: 19/27 MP: 2/2
   116 | D        | Reached skill level 5 in Long Blades
   116 | D        | Reached XP level 3. HP: 23/34 MP: 3/3
   129 | D        | Reached skill level 6 in Long Blades
   259 | D        | Found a roughly hewn altar of Beogh.
   259 | D        | Found a snail-covered altar of Cheibriados.
   259 | D        | Found a shadowy altar of Dithmenos.
   259 | D        | Found a white marble altar of Elyvilon.
   259 | D        | Found a blossoming altar of Fedhas.
   259 | D        | Found an opulent altar of Gozag.
   260 | D        | Found a hazy altar of Hepliaklqana.
   261 | D        | Found a viscous altar of Jiyva.
   262 | D        | Found an ancient bone altar of Kikubaaqudgha.
   263 | D        | Became a worshipper of Cheibriados the Contemplative
   264 | D        | Found a corrupted altar of Lugonu.
   265 | D        | Found a burning altar of Makhleb.
   266 | D        | Found a sparkling altar of Nemelex Xobeh.
   267 | D        | Found an iron altar of Okawaru.
   268 | D        | Found a stormy altar of Qazlal.
   269 | D        | Found a sacrificial altar of Ru.
   270 | D        | Found a deep blue altar of Sif Muna.
   271 | D        | Found a bloodstained altar of Trog.
   272 | D        | Found a hide-covered altar of Uskayaw.
   273 | D        | Found a radiant altar of Vehumet.
   274 | D        | Found a shimmering altar of Xom.
   275 | D        | Found a basalt altar of Yredelemnul.
   276 | D        | Found a glowing silver altar of Zin.
   277 | D        | Found a glowing golden altar of the Shining One.
   295 | D        | Got the +2 scimitar "Udada" {slice, Str+3}
   349 | D        | Was placed under penance by Cheibriados
   355 | D        | Was forgiven by Cheibriados
   355 | D        | Reached skill level 1 in Armour
   355 | D        | Reached skill level 1 in Invocations
   355 | D        | Reached XP level 4. HP: 22/42 MP: 3/5
   356 | D        | Reached skill level 7 in Long Blades
   359 | D        | Reached skill level 8 in Long Blades
   359 | D        | Reached XP level 5. HP: 27/50 MP: 3/7
   360 | D        | Reached * piety under Cheibriados
   362 | D        | Reached ** piety under Cheibriados
   570 | D        | Noticed a blink frog
   570 | D        | Noticed a meliai
   570 | D        | Noticed a centaur warrior
   570 | D        | Noticed a big kobold
   577 | D        | Reached *** piety under Cheibriados
   578 | D        | Killed from afar by a meliai

Vault maps used:
D:        linesprint

Skill      XL: |  1  2  3  4  5 |
---------------+----------------+-----
Long Blades    | 4 5 6 8 |  8.9
Fighting       | 3 4 |  4.4
Dodging        | 3 4 |  4.6
Armour         | 1 2 |  2.2
Invocations    | 1 2 3 |  3.5
Throwing       | |  1.7

Action                   |  1- 3 |  4- 6 || total
-------------------------+-------+-------++-------
Melee: Long sword        |    46 |       ||    46
       Scimitar          |     9 |    22 ||    31
 Abil: Spit Poison       |     1 |       ||     1
  Use: Potion            |     5 |       ||     5
 Stab: Invisible         |     1 |     2 ||     3
Armor: Leather armour    |     8 |    11 ||    19
Dodge: Dodged            |    16 |    18 ||    34
